[Event "ICCopen2016"]
[Site "Internet Chess Club"]
[Date "2016.06.04"]
[Round "8"]
[White "Pschaak"]
[Black "TallTower"]
[Result "1/2-1/2"]
[ICCResult "Game drawn by repetition"]
[WhiteElo "1731"]
[BlackElo "1891"]
[Opening "Queen's pawn: Torre attack"]
[ECO "A40"]
[NIC "QP.04"]
[Time "15:21:33"]
[TimeControl "180+0"]

1. d4 e6 2. Nf3 Nf6 3. Bg5 d5 4. e3 Be7 5. c3 O-O 6. Nbd2 Ne4 7. Nxe4 dxe4
8. Bxe7 Qxe7 9. Nd2 f5 10. Be2 Nd7 11. Qb3 c6 12. O-O-O a5 13. a3 Nf6 14. f3
exf3 15. Bxf3 Nd5 16. e4 fxe4 17. Nxe4 a4 18. Qa2 Bd7 19. Rde1 Qf7 20. Nc5
b6 21. Nxd7 Qxd7 22. Qc4 b5 23. Qe2 Nf4 24. Qe4 Qd5 25. Qxd5 exd5 26. Kd2
Rfe8 27. Rxe8+ Rxe8 28. Rf1 g5 29. g3 Ng6 30. Bg4 Re7 31. Bf5 Kg7 32. Kd3
Nf8 33. Kd2 Nd7 34. Re1 Rf7 35. Bxd7 Rxd7 36. Re6 Rc7 37. Ke2 Kf7 38. Rd6
Re7+ 39. Kf2 Re6 40. Rxe6 Kxe6 41. g4 Kf6 42. Ke3 Kg6 43. Kd2 Kg7 44. Kc2
Kf6 45. b3 Ke6 46. bxa4 bxa4 47. Kd3 Kd6 48. c4 c5 49. Kc3 Kc6 50. Kd3 Kd6
51. Kc3 Kc6 52. Kd3 Kd6 53. Kc3 Kc6 {Game drawn by repetition} 1/2-1/2

[Event "ICCopen2016"]
[Site "Internet Chess Club"]
[Date "2016.06.04"]
[Round "8"]
[White "Tal-Baron"]
[Black "DrOussedik"]
[Result "0-1"]
[ICCResult "White resigns"]
[WhiteElo "2705"]
[BlackElo "2190"]
[Opening "French: Steinitz variation"]
[ECO "C11"]
[NIC "FR.04"]
[Time "15:21:27"]
[TimeControl "180+0"]

1. d4 e6 2. e4 d5 3. Nc3 Nf6 4. e5 Nfd7 5. f4 c5 6. Nce2 Nc6 7. Nf3 f6 8. c3
cxd4 9. Nexd4 Nxd4 10. cxd4 Bb4+ 11. Kf2 Qb6 12. a3 Be7 13. h4 O-O 14. Kg3
Nb8 15. Bd3 Nc6 16. b4 Bd7 17. Bb2 a5 18. b5 Nd8 19. a4 f5 20. Rc1 h5 21.
Ng5 g6 22. Qe2 Nf7 23. Nf3 Rac8 24. Rxc8 Rxc8 25. Rc1 Nh6 26. Rxc8+ Bxc8 27.
Qc2 Bd7 28. Bc3 Ng4 29. Qd2 Bd8 30. Ng5 Kg7 31. Be2 Nh6 32. Nf3 Ng4 33. Ne1
Qc7 34. Kh3 b6 35. Kg3 Bc8 36. Nd3 Qe7 37. Bxg4 Qxh4+ 38. Kf3 Qxg4+ 39. Kf2
Bh4+ 40. Kf1 Qg3 41. Qe2 Qh2 42. Nf2 Qxf4 43. Kg1 Bd7 44. Nh3 Qc1+ 45. Kh2
f4 46. Be1 Bxe1 47. Nxf4 Qxf4+ {White resigns} 0-1

[Event "ICCopen2016"]
[Site "Internet Chess Club"]
[Date "2016.06.04"]
[Round "8"]
[White "rock700chess"]
[Black "InigoMI"]
[Result "1-0"]
[ICCResult "Black forfeits on time"]
[WhiteElo "2013"]
[BlackElo "1527"]
[Opening "Sicilian: Keres variation (2.Ne2)"]
[ECO "B20"]
[NIC "SI.48"]
[Time "15:22:08"]
[TimeControl "180+0"]

1. e4 c5 2. Ne2 Nc6 3. g3 e5 4. Bg2 Nge7 5. c3 g6 6. d4 d6 7. Be3 b6 8. d5
Nb8 9. Qd2 Bg7 10. c4 O-O 11. Nbc3 a6 12. h4 h5 13. f4 f5 14. O-O Nd7 15.
Rae1 Rb8 16. a4 Qe8 17. Kh2 Kh7 18. Ng1 Nf6 19. Bh3 Ng4+ 20. Bxg4 fxg4 21.
Nge2 Bd7 22. Rf2 exf4 23. Bxf4 Be5 24. Nc1 Nc8 25. Nd3 Bd4 26. Rfe2 Qd8 27.
e5 dxe5 28. Nxe5 Bf5 29. Nc6 Qf6 30. Nxb8 Nd6 31. Nc6 Nxc4 32. Qc1 b5 33.
Re7+ Kh8 34. Nxd4 cxd4 35. Nd1 Bd3 36. Qxc4 bxc4 37. Be5
{Black forfeits on time}
1-0

[Event "ICCopen2016"]
[Site "Internet Chess Club"]
[Date "2016.06.04"]
[Round "8"]
[White "TooStrongForYou"]
[Black "milinanana"]
[Result "0-1"]
[ICCResult "White forfeits on time"]
[WhiteElo "1603"]
[BlackElo "1827"]
[Opening "Four knights: double Ruy Lopez"]
[ECO "C49"]
[NIC "KP.03"]
[Time "15:21:47"]
[TimeControl "180+0"]

1. e4 e5 2. Nf3 Nc6 3. Nc3 Nf6 4. Bb5 Bb4 5. O-O d6 6. Nd5 Bc5 7. d3 h6 8.
h3 Bd7 9. Be3 Bb6 10. Nxb6 axb6 11. d4 exd4 12. Bxd4 O-O 13. Bxc6 Bxc6 14.
e5 dxe5 15. Nxe5 Bd5 16. Ng4 Ne4 17. f3 Ng5 18. Bc3 Re8 19. Qd4 Ne6 20.
Nxh6+ Kf8 21. Qg4 gxh6 22. Rae1 Qg5 23. Qb4+ c5 24. Qxb6 Rad8 25. Re5 Qg6
26. Rfe1 Bc6 27. Rxc5 Nf4 28. Rg5 Qxg5 29. Qb4+ Kg8 {White forfeits on time}
0-1

[Event "ICCopen2016"]
[Site "Internet Chess Club"]
[Date "2016.06.04"]
[Round "8"]
[White "Chaos23"]
[Black "Chess64"]
[Result "1-0"]
[ICCResult "Black checkmated"]
[WhiteElo "1923"]
[BlackElo "1745"]
[Opening "KGA: bishop's gambit, Bledow variation"]
[ECO "C33"]
[NIC "KG.03"]
[Time "15:21:15"]
[TimeControl "180+0"]

1. e4 e5 2. f4 exf4 3. Bc4 d5 4. exd5 Qh4+ 5. Kf1 Bg4 6. Nf3 Bxf3 7. Qxf3
Nd7 8. d3 Bd6 9. Nc3 Ngf6 10. Bd2 O-O-O 11. Re1 Rde8 12. Qf2 Qg5 13. h4 Qf5
14. Nb5 Bc5 15. d4 Bb6 16. Bxf4 Rxe1+ 17. Kxe1 Re8+ 18. Kd1 Nxd5 19. Bxd5
Qxd5 20. Nc3 Qh5+ 21. Kc1 Nf6 22. Bg5 Ng4 23. Qf5+ Kb8 24. Qd7 f6 25. Bf4 f5
26. Nd5 Rc8 27. Ne7 Rf8 28. d5 Qe8 29. Qe6 Rf6 30. Qe2 Rf7 31. d6 cxd6 32.
Bxd6+ Bc7 33. Bxc7+ Kxc7 34. Nd5+ Kd8 35. Qd2 Rd7 36. Rd1 Kc8 37. Qc3+ Kb8
38. b3 a6 39. Qg3+ Qe5 40. Qxe5+ Nxe5 41. Nf4 Ng4 42. Rxd7 g6 43. Rxh7 Ne3
44. Nxg6 Nxg2 45. Ne5 f4 46. h5 Ne3 47. h6 Nf5 48. Rh8+ Ka7 49. h7 f3 50.
Ra8+ Kxa8 51. h8=Q+ Ka7 52. Nxf3 Nd6 53. Qd4+ Kb8 54. Qxd6+ Ka7 55. Nd4 a5
56. Qc7 Ka8 57. Nb5 b6 58. Qa7# {Black checkmated} 1-0

[Event "ICCopen2016"]
[Site "Internet Chess Club"]
[Date "2016.06.04"]
[Round "8"]
[White "TrendFriend"]
[Black "Visam"]
[Result "1-0"]
[ICCResult "Black forfeits on time"]
[WhiteElo "2507"]
[BlackElo "2749"]
[Opening "Ruy Lopez: open, 7.Bb3"]
[ECO "C80"]
[NIC "RL.27"]
[Time "15:21:57"]
[TimeControl "180+0"]

1. e4 e5 2. Nf3 Nc6 3. Bb5 a6 4. Ba4 Nf6 5. O-O Nxe4 6. d4 b5 7. Bb3 d5 8.
Nxe5 Nxe5 9. dxe5 c6 10. c3 Bc5 11. Nd2 Nxd2 12. Bxd2 O-O 13. Qh5 g6 14. Qh6
f6 15. Bc2 Ra7 16. Bf4 Raf7 17. Kh1 fxe5 18. Bxe5 Qe8 19. Rae1 Re7 20. f4
Bd6 21. Bxg6 hxg6 22. Qh8+ Kf7 23. Qf6+ Kg8 24. Qxd6 Bf5 25. h3 Bd3 26. Rg1
Re6 27. Qc5 Qf7 28. Qd4 Bf5 29. Kh2 Qh7 30. Qe3 Qh5 31. Qg3 Rf7 32. Re3 Rh7
33. Rge1 Kf7 34. Bd4 Be4 35. Be5 {Black forfeits on time} 1-0

[Event "ICCopen2016"]
[Site "Internet Chess Club"]
[Date "2016.06.04"]
[Round "8"]
[White "anitak"]
[Black "Zebbile"]
[Result "1-0"]
[ICCResult "Black forfeits on time"]
[WhiteElo "2106"]
[BlackElo "1752"]
[Opening "English: Anglo-Grünfeld, Czech defense"]
[ECO "A16"]
[NIC "EO.64"]
[Time "15:20:55"]
[TimeControl "180+0"]

1. c4 Nf6 2. Nc3 d5 3. cxd5 Nxd5 4. g3 Nb6 5. Bg2 g6 6. d4 Nc6 7. e3 Bg7 8.
Nf3 O-O 9. O-O e5 10. d5 Na5 11. e4 c6 12. dxc6 Nxc6 13. b3 Qxd1 14. Rxd1
Nd4 15. Bb2 Bg4 16. Rd3 Rfd8 17. Nd5 Nxd5 18. exd5 Nxf3+ 19. Bxf3 Bxf3 20.
Rxf3 Rxd5 21. Re3 f5 22. Re2 Rad8 23. Rc1 Rd1+ 24. Rxd1 Rxd1+ 25. Kg2 e4 26.
Bxg7 Kxg7 27. Rc2 Rd7 28. Kf1 Kf7 29. Ke2 Ke6 30. Rc8 a6 31. Ke3 h6 32. h4
Rd3+ 33. Ke2 h5 34. Re8+ Kf7 35. Rc8 Rd7 36. Ke3 Kf6 37. b4 Rd3+ 38. Ke2 Rd4
39. a3 Rd7 40. Rf8+ Rf7 41. Rc8 Rd7 42. Rc5 Ke6 43. Rc8 Kd5 44. Rg8 Rd6 45.
Rg7 b6 46. Rc7 a5 47. bxa5 bxa5 48. Ra7 Kc4 49. Rxa5 Kb3 50. Ra7 Kc2 51.
Rc7+ Kb3 52. Ra7 Kc2 53. a4 Rd2+ 54. Ke3 Rd3+ 55. Ke2 Rd2+ 56. Kf1 Rd1+ 57.
Kg2 Rd2 58. Re7 Re2 59. a5 Kd3 60. a6 Ra2 61. a7 Ke2 62. f4 e3 63. Rd7 Ke1+
64. Kf3 {Black forfeits on time} 1-0

[Event "ICCopen2016"]
[Site "Internet Chess Club"]
[Date "2016.06.04"]
[Round "8"]
[White "Cafka36"]
[Black "PolishRyszard"]
[Result "1-0"]
[ICCResult "Black forfeits on time"]
[WhiteElo "1228"]
[BlackElo "1680"]
[Opening "Robatsch (modern) defense"]
[ECO "B06"]
[NIC "KF.05"]
[Time "15:21:49"]
[TimeControl "180+0"]

1. e4 g6 2. d4 Bg7 3. e5 c5 4. c3 d6 5. exd6 exd6 6. dxc5 Qe7+ 7. Be2 dxc5
8. Nf3 Nc6 9. O-O Be6 10. Re1 Rd8 11. Qa4 Nf6 12. Bg5 O-O 13. Bb5 Rc8 14.
Bxc6 Rxc6 15. Nbd2 a6 16. Ne4 h6 17. Be3 Nxe4 18. Qxe4 Qf6 19. Rad1 Rfc8 20.
Qc2 Bf5 21. Qc1 Kh7 22. Bd2 Bg4 23. h3 Bxf3 24. gxf3 Qxf3 25. Re3 Qf5 26.
Rg3 Re8 27. Be3 b6 28. Qd2 Rce6 29. Qd5 Re5 30. Qd3 Qxd3 31. Rxd3 h5 32. Rg5
b5 33. Rxe5 Rxe5 34. Kg2 a5 35. Rd1 b4 36. cxb4 axb4 37. b3 Re4 38. Rd5 Bd4
39. Bxd4 cxd4 40. Rd7 Kg7 41. Kf3 Re6 42. Rxd4 Ra6 43. Rxb4
{Black forfeits on time}
1-0

[Event "ICCopen2016"]
[Site "Internet Chess Club"]
[Date "2016.06.04"]
[Round "8"]
[White "JUGGERNOT"]
[Black "Pawnchain"]
[Result "1-0"]
[ICCResult "Black resigns"]
[WhiteElo "1790"]
[BlackElo "1340"]
[Opening "Bird: From gambit"]
[ECO "A02"]
[NIC "VO.07"]
[Time "15:22:04"]
[TimeControl "180+0"]

1. f4 e5 2. fxe5 d6 3. Nf3 dxe5 4. e4 Nf6 5. Nc3 Nc6 6. Bc4 Bd6 7. d3 Bg4 8.
h3 Bh5 9. g4 Bg6 10. O-O Qd7 11. Bb5 a6 12. Ba4 b5 13. Bb3 O-O 14. Bg5 Nxg4
15. hxg4 Qxg4+ 16. Kf2 Nd4 17. Be3 Nxf3 18. Qxf3 Qxf3+ 19. Kxf3 Kh8 20. Rh1
f5 21. Ke2 fxe4 22. Nxe4 Bxe4 23. dxe4 Rf6 24. Raf1 Raf8 25. Rxf6 Rxf6 26.
Rf1 Rg6 27. Bf7 Rg2+ 28. Rf2 Rxf2+ 29. Kxf2 g6 30. Kg3 Kg7 31. Be8 c5 32. b3
c4 33. a4 cxb3 34. cxb3 b4 35. a5 Bc7 36. Bb6 Bd6 37. Bd7 Kf6 38. Bc8 h5 39.
Bxa6 g5 40. Bb7 g4 41. Kh4 Kg6 42. a6 Be7+ 43. Kg3 Kg5 44. Be3+ Kg6 45. a7
{Black resigns}
1-0

[Event "ICCopen2016"]
[Site "Internet Chess Club"]
[Date "2016.06.04"]
[Round "8"]
[White "Kalmyk"]
[Black "SPARNALIQ"]
[Result "0-1"]
[ICCResult "White resigns"]
[WhiteElo "2989"]
[BlackElo "2918"]
[Opening "St. George (Baker) defense"]
[ECO "B00"]
[NIC "VO.17"]
[Time "15:22:05"]
[TimeControl "180+0"]

1. e4 a6 2. d4 b5 3. Bd3 Bb7 4. Nf3 e6 5. O-O Nf6 6. Qe2 Be7 7. a4 b4 8.
Nbd2 d5 9. exd5 Qxd5 10. Nc4 Nc6 11. c3 O-O 12. Bf4 Rac8 13. Rfe1 Qh5 14. h3
Nb8 15. Nfe5 Qxe2 16. Rxe2 c5 17. dxc5 bxc3 18. bxc3 Nd5 19. Bd2 Bxc5 20.
Rb1 Ba8 21. Kf1 Rfd8 22. Be4 Nc6 23. Nxc6 Bxc6 24. Bc2 Be7 25. Ree1 Bf6 26.
Be4 Nxc3 27. Bxc6 Nxb1 28. Ba5 Rxc6 29. Bxd8 Bxd8 30. Ne5 Rb6 31. Rc1 Nd2+
32. Ke2 Nb3 33. Rc8 Rd6 34. Nc4 Rd5 35. Nb6 Rd2+ 36. Ke3 g6 37. Nc4 Rd5 38.
Nb6 Rd1 39. Ke2 Rd2+ 40. Ke1 Kg7 41. Nc4 Rc2 {White resigns} 0-1

[Event "ICCopen2016"]
[Site "Internet Chess Club"]
[Date "2016.06.04"]
[Round "8"]
[White "B-Alqudaimi"]
[Black "Ancient"]
[Result "1-0"]
[ICCResult "Black checkmated"]
[WhiteElo "2410"]
[BlackElo "2089"]
[Opening "French: King's Indian attack"]
[ECO "C00"]
[NIC "FR.02"]
[Time "15:21:37"]
[TimeControl "180+0"]

1. e4 e6 2. d3 d5 3. Nd2 Nf6 4. g3 Nc6 5. Bg2 Bc5 6. Ngf3 dxe4 7. dxe4 e5 8.
O-O O-O 9. c3 a5 10. Re1 b6 11. h3 Ba6 12. Nb3 Bd6 13. Nh4 Ne7 14. Bg5 Ng6
15. Nf5 a4 16. Nd2 h6 17. Be3 Qe8 18. Nxd6 cxd6 19. Qf3 Rb8 20. Bxh6 Qb5 21.
Rab1 Qd3 22. Bg5 Nh7 23. Be3 Qb5 24. Bf1 Qa5 25. Nc4 Bxc4 26. Bxc4 a3 27. b4
Qa7 28. Bd5 Qd7 29. h4 Nf6 30. Bb3 Rbc8 31. Bg5 Nh7 32. Rbd1 Nxg5 33. hxg5
Qc7 34. Re3 Rfe8 35. Qf5 Ne7 36. Qxf7+ Kh7 37. Qh5# {Black checkmated} 1-0

[Event "ICCopen2016"]
[Site "Internet Chess Club"]
[Date "2016.06.04"]
[Round "8"]
[White "Last7Samurai"]
[Black "WoodTree"]
[Result "1-0"]
[ICCResult "Black forfeits on time"]
[WhiteElo "2792"]
[BlackElo "2360"]
[Opening "Sicilian: Alapin's variation (2.c3)"]
[ECO "B22"]
[NIC "SI.46"]
[Time "15:21:01"]
[TimeControl "180+0"]

1. e4 c5 2. c3 d6 3. d4 Nf6 4. Bd3 cxd4 5. cxd4 e5 6. Nf3 exd4 7. Nxd4 Nc6
8. Nxc6 bxc6 9. O-O Be7 10. Nc3 O-O 11. h3 Rb8 12. b3 Nd7 13. Bb2 Bf6 14.
Rc1 Nc5 15. Bb1 Re8 16. Qd2 Be5 17. f4 Bf6 18. Rcd1 Be7 19. Kh1 Bf8 20. Qc2
Qh4 21. Kh2 Bg4 22. Rde1 Re6 23. f5 Rh6 24. Qf2 Qh5 25. Qg3 Be7 26. Kg1 Bxh3
27. gxh3 Bf6 28. Qg4 Qxh3 29. Qxh3 Rxh3 30. Kg2 Rxc3 31. Bxc3 Bxc3 32. Rd1
Be5 33. Kf3 Kf8 34. Rh1 h6 35. Bc2 Ke7 36. Ke3 a5 37. Rd2 Rb4 38. Rg2 a4 39.
a3 Rb8 40. b4 Nd7 41. Bd1 Ra8 42. Ra2 c5 43. b5 Nb6 44. Be2 Bd4+ 45. Kd3 Kf6
46. Rc2 Ke5 47. Rh3 Rc8 48. Rg3 c4+ 49. Kd2 Kf6 50. Rg2 Be5 51. Ke3 g5 52.
fxg6 fxg6 53. Bg4 Re8 54. Rcf2+ Kg7 55. Bf5 g5 56. Rc2 Kf6 57. Rg1 c3 58.
Rh1 Kg7 59. Kf3 Nc4 60. Ke2 Bf6 61. Bd7 Rxe4+ 62. Kd3 Rd4+ 63. Ke2 Nxa3 64.
Rxc3 Re4+ 65. Kd3 Bxc3 66. Kxe4 Ba5 67. Kd5 Nc2 68. Rc1 Ne3+ 69. Kc6 a3 70.
b6 a2 71. b7 Bc3 72. b8=Q a1=Q 73. Rxa1 Bxa1 74. Qxd6 Nf5 75. Bxf5 g4 76.
Qg6+ Kf8 77. Be6 {Black forfeits on time} 1-0

[Event "ICCopen2016"]
[Site "Internet Chess Club"]
[Date "2016.06.04"]
[Round "8"]
[White "HuevosDeLeon"]
[Black "Sebs"]
[Result "0-1"]
[ICCResult "White resigns"]
[WhiteElo "2671"]
[BlackElo "2977"]
[Opening "Queen's pawn: London system"]
[ECO "A45"]
[NIC "QP.07"]
[Time "15:22:04"]
[TimeControl "180+0"]

1. d4 Nf6 2. Bf4 d5 3. e3 c5 4. dxc5 Nc6 5. Bb5 e6 6. b4 a5 7. c3 Bd7 8. Qb3
axb4 9. cxb4 d4 10. Nf3 Nd5 11. Bxc6 Bxc6 12. Be5 dxe3 13. fxe3 Ba4 14. Qc4
Nxe3 15. Qe4 Nc2+ 16. Kf2 Nxa1 17. Qxb7 Nc2 18. Nc3 Nxb4 19. Nxa4 Rxa4 20.
Qb5+ Qd7 21. Qb8+ Ke7 22. Bd6+ Kf6 23. Bxf8 Nd3+ 24. Kg3 Qd5 25. Rf1 Kg6 26.
Qd6 Qe4 27. Qxd3 Qxd3 {White resigns} 0-1

[Event "ICCopen2016"]
[Site "Internet Chess Club"]
[Date "2016.06.04"]
[Round "8"]
[White "drsigmund1"]
[Black "ChAn"]
[Result "0-1"]
[ICCResult "White forfeits on time"]
[WhiteElo "1264"]
[BlackElo "1468"]
[Opening "Queen's pawn game"]
[ECO "A46"]
[NIC "QP.05"]
[Time "15:22:01"]
[TimeControl "180+0"]

1. d4 Nf6 2. Nf3 e6 3. Bf4 d5 4. e3 Nh5 5. Bg5 Be7 6. Bxe7 Qxe7 7. Ne5 Nf6
8. Nd2 c5 9. c3 Nc6 10. Bd3 Nxe5 11. dxe5 Nd7 12. f4 c4 13. Bc2 Qc5 14. Qf3
b5 15. O-O Rb8 16. Kh1 Bb7 17. Qg3 g6 18. f5 exf5 19. e6 Rd8 20. exd7+ Rxd7
21. Nf3 O-O 22. Nd4 Re7 23. Bxf5 Rfe8 24. Rae1 Bc8 25. Bxc8 Qxc8 26. Rf3 Kh8
27. Qh4 f5 28. Qf6+ Kg8 29. Qc6 Qxc6 30. Nxc6 Re6 31. Nxa7 Ra8 32. Nxb5 Rxa2
33. Nc7 Re5 34. e4 dxe4 35. Rfe3 Rxb2 36. Rd1 Ra5 37. h3 Raa2 38. Rg3 f4 39.
Rg4 f3 {White forfeits on time} 0-1

[Event "ICCopen2016"]
[Site "Internet Chess Club"]
[Date "2016.06.04"]
[Round "8"]
[White "ivancele"]
[Black "Deverill"]
[Result "1-0"]
[ICCResult "Black forfeits on time"]
[WhiteElo "1517"]
[BlackElo "1271"]
[Opening "Queen's pawn game"]
[ECO "E00"]
[NIC "QP.07"]
[Time "15:21:20"]
[TimeControl "180+0"]

1. d4 Nf6 2. c4 e6 3. e3 c5 4. Nf3 b6 5. Nc3 Bb7 6. Be2 Nc6 7. O-O cxd4 8.
Nxd4 Be7 9. a3 a6 10. Bf3 O-O 11. Nxc6 Bxc6 12. Bxc6 dxc6 13. Qf3 Qc7 14. b4
c5 15. b5 axb5 16. Nxb5 Qb8 17. Bb2 Ra4 18. Rac1 Rd8 19. Rfd1 Rxd1+ 20. Qxd1
Ne8 21. Qxa4 Bf6 22. Bxf6 Nxf6 23. Rd1 Ng4 24. g3 g6 25. Qa7 Qe8 26. Qxb6
Kg7 27. Qxc5 e5 28. Qd5 Qe7 29. Qd6 Qg5 30. Nc7 Nxe3 31. fxe3 Qxe3+ 32. Kg2
Qe2+ 33. Kh3 Qh5+ 34. Kg2 Qe2+ 35. Kh1 Qf3+ 36. Kg1 Qe3+ 37. Kf1 Qf3+ 38.
Ke1 Qe3+ 39. Kf1 Qf3+ 40. Kg1 Qe3+ 41. Kg2 Qe2+ 42. Kh3 Qh5+ 43. Kg2 Qe2+
44. Kg1 Qe3+ 45. Kg2 Qe2+ 46. Kh3 Qh5+ 47. Kg2 Qe2+ 48. Kh1 Qf3+ 49. Kg1
Qe3+ 50. Kf1 Qf3+ 51. Ke1 Qe3+ 52. Kf1 Qf3+ 53. Kg1 Qe3+ 54. Kg2 Qe2+ 55.
Kh1 Qf3+ 56. Kg1 Qe3+ 57. Kg2 Qe2+ 58. Kh3 Qh5+ 59. Kg2 Qe2+ 60. Kg1 Qe3+
61. Kf1 Qf3+ 62. Ke1 Qe3+ 63. Kf1 Qf3+ 64. Kg1 Qe3+ 65. Kg2 Qe2+ 66. Kh1
Qf3+ 67. Kg1 Qe3+ 68. Kg2 Qe2+ 69. Kg1 Qe3+ 70. Kf1 Qf3+ 71. Kg1 Qe3+ 72.
Kg2 Qe2+ 73. Kh3 Qh5+ 74. Kg2 Qe2+ 75. Kg1 Qe3+ 76. Kf1 Qf3+ 77. Ke1 Qe3+
78. Kf1 Qf3+ 79. Kg1 Qe3+ 80. Kh1 Qf3+ 81. Kg1 Qe3+ 82. Kf1 Qf3+ 83. Kg1
Qe3+ 84. Kg2 Qe2+ 85. Kh3 {Black forfeits on time} 1-0

[Event "ICCopen2016"]
[Site "Internet Chess Club"]
[Date "2016.06.04"]
[Round "8"]
[White "TZ700A"]
[Black "catman"]
[Result "0-1"]
[ICCResult "White checkmated"]
[WhiteElo "1349"]
[BlackElo "1824"]
[Opening "French defense"]
[ECO "C00"]
[NIC "FR.01"]
[Time "15:21:25"]
[TimeControl "180+0"]

1. e4 e6 2. Nf3 d5 3. e5 c5 4. Bb5+ Bd7 5. Bxd7+ Qxd7 6. O-O Nc6 7. Re1 Nge7
8. c3 Nf5 9. Qa4 Be7 10. Qg4 O-O 11. d4 cxd4 12. cxd4 Rac8 13. Nc3 Kh8 14.
Ne2 Bb4 15. Bd2 Bxd2 16. Nxd2 Nb4 17. Rf1 Nd3 18. Rab1 Qb5 19. Nf3 Nxb2 20.
Nf4 Rc2 21. Nh4 Nxh4 22. Qxh4 Qd7 23. Nh5 Nc4 24. Qg5 Rg8 25. f4 Nd2 26.
Rfd1 Nxb1 27. Rxb1 Qc8 28. h3 Rc1+ 29. Rxc1 Qxc1+ 30. Kh2 Qc7 31. Ng3 Qd8
32. Qg4 b5 33. a3 a5 34. Qe2 b4 35. axb4 axb4 36. Qb5 Qb8 37. Qe2 b3 38. Qb2
Rc8 39. Nh5 Rc2 40. Qa3 b2 41. Qe7 b1=Q 42. Qxf7 Qg8 43. Qe7 Qf1 44. Ng3
Qxg2# {White checkmated} 0-1

[Event "ICCopen2016"]
[Site "Internet Chess Club"]
[Date "2016.06.04"]
[Round "8"]
[White "Sam08"]
[Black "UAE2002"]
[Result "1-0"]
[ICCResult "Black forfeits on time"]
[WhiteElo "2400"]
[BlackElo "1995"]
[Opening "Semi-Benoni (`blockade variation')"]
[ECO "A44"]
[NIC "OI.09"]
[Time "15:21:29"]
[TimeControl "180+0"]

1. d4 c5 2. d5 e5 3. e4 d6 4. Be3 g6 5. Qd2 h5 6. Nc3 a6 7. a4 Bh6 8. Bxh6
Nxh6 9. Bc4 Nd7 10. Nge2 Nf6 11. O-O Nhg4 12. h3 Nh6 13. f4 Nd7 14. Rf2 Qh4
15. Raf1 Qe7 16. a5 f5 17. fxe5 Nxe5 18. Bb3 Qg7 19. Nf4 O-O 20. Ne6 Bxe6
21. dxe6 Kh7 22. Qxd6 c4 23. Ba4 Rad8 24. Qc5 Ng8 25. exf5 g5 26. f6 Rxf6
27. Qxe5 Rxf2 28. Qxg7+ Kxg7 29. Rxf2 Nf6 30. Re2 g4 31. hxg4 hxg4 32. e7
Rd6 33. Ne4 Nxe4 34. Rxe4 Rd1+ 35. Kf2 Rd2+ 36. Kg3 {Black forfeits on time}
1-0

[Event "ICCopen2016"]
[Site "Internet Chess Club"]
[Date "2016.06.04"]
[Round "8"]
[White "blitzmaniac"]
[Black "VrloJakMK"]
[Result "1-0"]
[ICCResult "Black resigns"]
[WhiteElo "2801"]
[BlackElo "2218"]
[Opening "Nimzovich-Larsen attack: Indian variation"]
[ECO "A01"]
[NIC "VO.08"]
[Time "15:21:29"]
[TimeControl "180+0"]

1. b3 Nf6 2. Bb2 d6 3. Nf3 Nbd7 4. d4 g6 5. g3 Bg7 6. Bg2 O-O 7. O-O c6 8.
c4 a6 9. Nc3 Rb8 10. Rc1 b5 11. Qc2 Nb6 12. c5 Nbd5 13. cxd6 exd6 14. Nxd5
cxd5 15. Ne1 Bf5 16. Qd1 Rc8 17. Nd3 Qa5 18. a3 Rfe8 19. Nb4 Be4 20. Qd2 Qb6
21. Rxc8 Rxc8 22. Rc1 Rxc1+ 23. Qxc1 Bxg2 24. Kxg2 a5 25. Qc6 Qxc6 26. Nxc6
a4 27. bxa4 bxa4 28. Ne7+ Kf8 29. Nc8 Ne4 30. Nb6 Ke7 31. Nxd5+ Kd7 32. Nb6+
Kc6 33. Nxa4 Nd2 34. d5+ Kb5 35. Bxg7 Kxa4 36. Bc3 Nc4 37. Bb4 Nxa3 38. Bxd6
Nc4 39. Bc5 Kb5 40. d6 Kc6 41. Bb4 Ne5 42. f4 Ng4 43. h3 Nf6 44. Kf3 Kd5 45.
e4+ Kd4 46. e5 Nd7 47. Ba3 Kd5 48. g4 f6 49. Bb2 fxe5 50. Bxe5 Ke6 51. Ke4
Nc5+ 52. Kd4 Nd7 53. Kc4 g5 54. Kd4 gxf4 55. Bxf4 h5 56. gxh5 Nf6 57. h6 Nh7
58. Kc5 Nf6 59. Kc6 Kf5 60. d7 {Black resigns} 1-0

[Event "ICCopen2016"]
[Site "Internet Chess Club"]
[Date "2016.06.04"]
[Round "8"]
[White "leonardoalmeida"]
[Black "Kjaan1974"]
[Result "0-1"]
[ICCResult "White forfeits on time"]
[WhiteElo "1736"]
[BlackElo "1415"]
[Opening "English opening"]
[ECO "A16"]
[NIC "EO.64"]
[Time "15:22:19"]
[TimeControl "180+0"]

1. c4 Nf6 2. Nc3 d6 3. g3 e6 4. Bg2 c6 5. e4 Be7 6. Nge2 e5 7. O-O O-O 8. d4
exd4 9. Nxd4 Be6 10. b3 Nbd7 11. Re1 Nb6 12. Bb2 a5 13. Nxe6 fxe6 14. Bh3
Qc8 15. e5 dxe5 16. Rxe5 Qc7 17. Rxe6 Bc5 18. Qe2 Rae8 19. Rf1 Rxe6 20.
Qxe6+ Kh8 21. Ne4 Re8 22. Nxc5 Rxe6 23. Nxe6 Qe7 24. Rd1 h5 25. Rd8+ Kh7 26.
Nf8+ Kh6 27. Bc1+ g5 28. Ne6 Kg6 29. Rb8 a4 {White forfeits on time} 0-1

[Event "ICCopen2016"]
[Site "Internet Chess Club"]
[Date "2016.06.04"]
[Round "8"]
[White "bythebook"]
[Black "Tova77"]
[Result "0-1"]
[ICCResult "White forfeits on time"]
[WhiteElo "1724"]
[BlackElo "1656"]
[Opening "Ruy Lopez: closed, Pilnik variation"]
[ECO "C88"]
[NIC "RL.17"]
[Time "15:21:27"]
[TimeControl "180+0"]

1. e4 e5 2. Nf3 Nc6 3. Bb5 a6 4. Ba4 Nf6 5. O-O Be7 6. Re1 b5 7. Bb3 O-O 8.
d3 d6 9. c3 Na5 10. Bc2 c5 11. Nbd2 Nc6 12. Nf1 Re8 13. Ng3 Bf8 14. a4 Bd7
15. Bg5 h6 16. Be3 Qc7 17. h3 g6 18. Qd2 Kh7 19. Nh2 Bg7 20. f3 b4 21. Ng4
Nxg4 22. hxg4 Qa5 23. Kf2 bxc3 24. bxc3 Rab8 25. Rh1 Rh8 26. Bxh6 Kg8 27.
Bxg7 Kxg7 28. Rxh8 Rxh8 29. Rb1 Nd4 30. Nf5+ Bxf5 31. gxf5 Nxc2 32. Qxc2
gxf5 33. exf5 Qd8 34. d4 Qh4+ 35. Ke2 cxd4 36. cxd4 Qxd4 37. Qe4 Qxe4+ 38.
fxe4 Rh4 39. Ke3 Rg4 40. Rb2 Kf6 41. Kf3 Rf4+ 42. Ke3 Rg4 43. Kf3 Rg8 44. g3
Rc8 {White forfeits on time} 0-1

[Event "ICCopen2016"]
[Site "Internet Chess Club"]
[Date "2016.06.04"]
[Round "8"]
[White "khekhm"]
[Black "depressnyak"]
[Result "0-1"]
[ICCResult "White resigns"]
[WhiteElo "2606"]
[BlackElo "3130"]
[Opening "Robatsch defense: Pseudo-Austrian attack"]
[ECO "B06"]
[NIC "KF.05"]
[Time "15:21:43"]
[TimeControl "180+0"]

1. e4 g6 2. d4 Bg7 3. Nc3 d6 4. f4 a6 5. Nf3 b5 6. Bd3 b4 7. Nd5 a5 8. O-O
Bb7 9. a3 e6 10. Ne3 Nf6 11. e5 Nd5 12. Nxd5 Bxd5 13. Bd2 Nc6 14. c3 bxc3
15. bxc3 O-O 16. a4 Rb8 17. Qe2 Rb2 18. Rfb1 Qb8 19. Bb5 Rxb1+ 20. Rxb1 Ne7
21. Ng5 Qa8 22. Bd3 Nf5 23. Ne4 Rb8 24. Rxb8+ Qxb8 25. Bc1 Qb3 26. Qc2 Qb6
27. Kh1 h5 28. Ng3 c5 29. Nxf5 gxf5 30. Be3 c4 31. Be2 dxe5 32. fxe5 Qb3 33.
Qc1 Qxa4 34. Bxh5 Qa2 35. Bf3 Bxf3 36. gxf3 Qe2 37. f4 a4 38. d5 exd5 39.
Bc5 Qf3+ 40. Kg1 Bh6 41. Qb2 Bxf4 42. Qb8+ Kh7 43. Qf8 Be3+ 44. Bxe3 Qxe3+
45. Kg2 Qe4+ 46. Kf2 Qf4+ 47. Ke2 Qxe5+ 48. Kd2 Qf6 49. Kc2 f4 50. Qc8 f3
51. Qh3+ Kg7 52. Qg4+ Qg6+ 53. Qxg6+ fxg6 {White resigns} 0-1

[Event "ICCopen2016"]
[Site "Internet Chess Club"]
[Date "2016.06.04"]
[Round "8"]
[White "expiando"]
[Black "totus"]
[Result "0-1"]
[ICCResult "White forfeits on time"]
[WhiteElo "1993"]
[BlackElo "2378"]
[Opening "English opening"]
[ECO "A21"]
[NIC "EO.22"]
[Time "15:21:29"]
[TimeControl "180+0"]

1. c4 e5 2. Nc3 d6 3. Nf3 f5 4. e3 Nf6 5. d4 e4 6. Ng5 c6 7. Nh3 g6 8. Nf4
Bg7 9. Bd2 O-O 10. Rc1 Na6 11. Be2 Nc7 12. h4 Ne6 13. Nxe6 Bxe6 14. h5 a6
15. b4 Bf7 16. h6 Bh8 17. a4 a5 18. bxa5 Rxa5 19. Rb1 Ra7 20. Qb3 Re8 21.
Qb6 Qxb6 22. Rxb6 Nd7 23. Rb3 Bf6 24. f3 exf3 25. gxf3 Bd8 26. Kf2 Re7 27.
Rhb1 Nf6 28. Bd3 d5 29. cxd5 Nxd5 30. Nxd5 Bxd5 31. Ra3 Rd7 32. a5 Bg5 33.
a6 b5 34. Rh1 Be7 35. Raa1 Rd8 36. e4 fxe4 37. fxe4 Be6 38. Be3 Rf8+ 39. Ke2
Bg4+ 40. Kd2 Rfa8 41. d5 Rxa6 42. Rxa6 Rxa6 43. dxc6 Rxc6 44. Bxb5 Bb4+ 45.
Kd3 Rd6+ 46. Kc4 Ba5 {White forfeits on time} 0-1